 Dungeon Crawl Stone Soup version 0.30-a0-1160-g6e42c06551 (webtiles) character file.

Game seed: 1096508431254668543

279 lunkers the Firebug (level 6, -2/45 HPs)
             Began as a Meteoran Fire Elementalist on Apr 26, 2023.
             Was an Initiate of Vehumet.
             Splashed by Edmund the jelly's acid (6 damage)
             ... on level 4 of the Dungeon.
             The game lasted 00:05:09 (1199 turns).

lunkers the Firebug (Meteoran Fire Elementalist)    Turns: 1199, Time: 00:05:10

Health: -2/45      AC: -6    Str:  9    XL:     6   Next: 82%
Magic:  2/13       EV: 12    Int: 20    God:    Vehumet [......]
Gold:   68         SH:  0    Dex: 14    Spells: 3/13 levels left

rFire   . . .        d - +0 quarterstaff (spect)
rCold   . . .        (shield currently unavailable)
rNeg    . . .        a - +0 robe
rPois   .            (no helmet)
rElec   .            (no cloak)
rCorr   .            (no gloves)
SInv    .            (no boots)
Will    .....        (no amulet)
Stlth   +            (no ring)
HPRegen 0.27/turn    (no ring)
MPRegen 0.13/turn

%: no passive effects
@: corroded, glowing
A: sense surroundings 1, otherworldly, glowing, explore regen
a: Renounce Religion


You were on level 4 of the Dungeon.
You worshipped Vehumet.
Vehumet was noncommittal.
You visited 1 branch of the dungeon, and saw 4 of its levels.

You collected 68 gold pieces.

Inventory:

Hand Weapons
 d - a +0 spectral quarterstaff (weapon)
Armour
 a - a +0 robe (worn)
Jewellery
 c - a +6 ring of dexterity
Wands
 e - a wand of polymorph (4)
Scrolls
 f - 2 scrolls of brand weapon
 j - a scroll of teleportation
Potions
 b - a potion of magic
 g - a potion of mutation
 h - a potion of invisibility {unknown}
 i - 2 potions of experience {unknown}
 k - a potion of berserk rage {unknown}
 l - 4 potions of curing {unknown}
 m - 3 potions of haste
 n - a potion of heal wounds {unknown}


   Skills:
 - Level 2.4 Dodging
 - Level 1.4 Stealth
 + Level 4.4 Spellcasting
 + Level 3.7 Conjurations
 * Level 6.3 Fire Magic


You had 3 spell levels left.
You knew the following spells:

 Your Spells              Type           Power      Damage    Failure   Level
a - Foxfire               Conj/Fire      96%        2x1d8     1%          1
b - Scorch                Fire           58%        2d7       1%          2
c - Flame Wave            Conj/Fire      24%        2d8       16%         4
d - Volatile Blastmotes   Fire/Tloc      34%        2d12      10%         3

Your spell library contained the following spells:

 Spells                   Type           Power      Damage    Failure   Level
 Inner Flame              Hex/Fire       17%        N/A       10%         3


Dungeon Overview and Level Annotations

Branches:
Dungeon (4/15) Zot: 1196
 Temple: D:4-7

Altars:
Vehumet

Annotations:
D:4 Edmund


Innate Abilities, Weirdness & Mutations

You passively map a small area around you.
You are easily found by Zot.
You glow in the dark.
You regain HP and MP as you explore.


Message History

Unknown command.
Unknown command.
Casting: Scorch (safe; 1% risk of failure)
Confirm with . or Enter, or press ? or * to list all spells.
Flames lash Edmund but do no damage.
* * * LOW MAGIC WARNING * * *
The quokka is no longer more vulnerable to fire.
Edmund hits you with a +2 flail of protection!
Unknown command.
Unknown command.
Aiming: Polymorph
Press: ? - help, Shift-Dir - straight line, f - Edmund
Aim: Edmund, wielding a +2 flail of protection and wearing a +2 scale mail of positive energy (lightly wounded, more vulnerable to fire, will become a scorpion, a jelly, or a swamp drake, chance to affect: 49%) Edmund resists with some effort.
Edmund hits you with a +2 flail of protection!
* * * LOW HITPOINT WARNING * * *
Aiming: Polymorph
Press: ? - help, Shift-Dir - straight line, f/p - Edmund
Aim: Edmund, wielding a +2 flail of protection and wearing a +2 scale mail of positive energy (lightly wounded, will become a scorpion, a jelly, or a swamp drake, chance to affect: 49%) Edmund evaporates and reforms as a jelly!
Unknown command.
Edmund attacks as you move away! Edmund hits you.
* * * LOW HITPOINT WARNING * * *
You are splashed with acid!
* * * LOW HITPOINT WARNING * * *
Edmund attacks as you move away! Edmund closely misses you.
Edmund attacks as you move away! Edmund hits you.
* * * LOW HITPOINT WARNING * * *
The acid corrodes you!
You are splashed with acid!
* * * LOW HITPOINT WARNING * * *
The quokka twitches its whiskers.
Casting: Foxfire (safe; 1% risk of failure)
Press: ? - help, Q - select action, (/) - cycle Dir - look around, f - activate You conjure some foxfire!
* * * LOW MAGIC WARNING * * *
Edmund jiggles.
Edmund hits you.
* * * LOW HITPOINT WARNING * * *
The acid corrodes you!
You are splashed with acid.
You die...

######.######...#####..<
......)>........†...'...
,
#####...#####...#####.§.
#.......# ##### ####
#.####..# #.......# *
*### * ####.#..# ..., ,
........v## ....
#...#+#.@v# *.....
....#* ##J.########...
##.# * ###r#.#r#.#.. #.+
+ +..#.#.#.# *+ # * +
#.#.#.#r#, * ,
##...#.#.#.# ,
*+#.....#.#.#!#,
.....#.#.#.#.#.# ,
#.#...#.#.#.#.#.#


You could see Edmund the jelly (ally target) and a quokka.

Vanquished Creatures
  An ice beast (D:4)
  A scorpion (D:4)
  Jessica (D:2)
  6 gnolls
  An adder (D:2)
  4 orcs
  2 ball pythons (D:2)
  2 bats (D:1)
  5 endoplasms
  4 goblins
  7 hobgoblins
  2 quokkas
  A frilled lizard (D:1)
  6 kobolds
  2 rats
45 creatures vanquished.

Vanquished Creatures (others)
  86 foxfires
86 creatures vanquished.

Grand Total: 131 creatures vanquished

Notes
Turn   | Place    | Note
-------+----------+-------------------------------------------
     0 | D:1      | lunkers the Meteoran Fire Elementalist began the quest for
                  | the Orb.
     0 | D:1      | Reached XP level 1. HP: 14/14 MP: 5/5
   238 | D:1      | Reached XP level 2. HP: 20/20 MP: 4/6
   442 | D:1      | Reached skill level 4 in Fire Magic
   499 | D:1      | Glimpsed the power of Zot.
   512 | D:2      | Learned a level 2 spell: Scorch
   528 | D:2      | Reached XP level 3. HP: 26/26 MP: 0/8
   538 | D:2      | Reached XP level 4. HP: 21/33 MP: 1/10
   642 | D:2      | Noticed Jessica
   650 | D:2      | Killed Jessica
   651 | D:2      | Reached skill level 5 in Fire Magic
   651 | D:2      | Reached XP level 5. HP: 38/38 MP: 6/11
   744 | D:2      | Learned a level 4 spell: Flame Wave
   748 | D:2      | Learned a level 3 spell: Volatile Blastmotes
   841 | D:3      | Found a radiant altar of Vehumet.
   861 | D:3      | Became a worshipper of Vehumet
  1098 | D:4      | Noticed an ice beast
  1122 | D:4      | Killed an ice beast
  1123 | D:4      | Reached skill level 6 in Fire Magic
  1123 | D:4      | Reached XP level 6. HP: 45/45 MP: 0/13
  1180 | D:4      | Noticed Edmund
  1193 | D:4      | Edmund changed into Edmund the jelly
  1193 | D:4      | Noticed Edmund
  1199 | D:4      | Splashed by Edmund the jelly's acid

Illustrated notes

Levels and vault maps discovered:
D:1:      dpeg_arrival_short_road, layout_basic, chequers_serial_rivers_micro_d
D:2:      layout_basic, serial_shops, nicolae_shop_rolled_up, minivault_23,
          grunt_ministairs_15, glass_columns_b, dk_noncrumbling_3, uniq_natasha,
          uniq_jessica, uniq_robin
D:3:      minmay_goblin_kobold_castle, layout_rooms,
          mainiacjoe_overflow_brackets, serial_aquarium,
          aquarium_bridge_long_separate [aquarium_subvault_bridge,
          aquarium_subvault_bridge, aquarium_subvault_bridge,
          aquarium_subvault_bridge, aquarium_subvault_balcony,
          aquarium_subvault_wall], aquarium_window_fake, aquarium_window_fake,
          aquarium_view_2a, aquarium_pool_S
D:4:      layout_basic, serial_shops, nicolae_shop_real_fake_doors,
          gammafunk_ghost_smash, uniq_ijyb, uniq_crazy_yiuf_cottage, uniq_pargi,
          uniq_edmund

Skill      XL: |  1  2  3  4  5 |
---------------+----------------+-----
Fire Magic     | 4 5 6 |  6.3
Spellcasting   | 3 4 |  4.4
Conjurations   | 2 3 |  3.7
Dodging        | |  2.4
Stealth        | |  1.4

Action                     |  1- 3 |  4- 6 || total
---------------------------+-------+-------++-------
  Melee: Quarterstaff      |     9 |     8 ||    17
   Cast: Foxfire           |    19 |    34 ||    53
         Scorch            |       |    20 ||    20
  Evoke: Wand              |       |     2 ||     2
    Use: Scroll            |     3 |     4 ||     7
 Armour: Robe              |       |     2 ||     2
  Dodge: Dodged            |     8 |    10 ||    18

Table legend: (Time is in decaauts)
 A = Elapsed time spent in this place.
 B = Non-inter-level travel time spent in this place.
 C = Inter-level travel time spent in this place.
 D = Time resting spent in this place.
 E = Time spent auto-exploring this place.
 F = Levels seen in this place.
 G = Mean time per level.
                   A        B        C        D        E       F      G
               +--------+--------+--------+--------+--------+-----+--------+
         Total |   1202 |   1187 |     15 |      0 |    834 |   4 |  300.5 |
       Dungeon |   1202 |   1187 |     15 |      0 |    834 |   4 |  300.5 |
               +--------+--------+--------+--------+--------+-----+--------+

Top non-repeatable levels by time:
     D:1: 508 daAuts
     D:2: 277 daAuts
     D:3: 271 daAuts
     D:4: 145 daAuts
